TOP OF THE 1ST |
Palm Beach Cardinals batting - Pitching for Richmond Flying Squirrels : LHP Mario Castro
|
Pitching: LHP Mario Castro
|
|
Batting: RHB Jonathan Winkler
|
0-0: Ball 1-0: Foul Ball, location: 9LMF 1-1: Ground out 4-3 (Groundball, 4, EV 103.1 MPH)
|
Batting: RHB Shou-feng Chang
|
0-0: Ball 1-0: Called Strike 1-1: Ground out 6-3 (Groundball, 6S, EV 66.9 MPH)
|
Batting: RHB Chris Rouleau
|
0-0: Called Strike 0-1: Ball 1-1: Ball 2-1: Ball 3-1: Foul Ball, location: 3F 3-2: Base on Balls
|
Batting: RHB Nelson Salamanca
|
0-0: Called Strike Chris Rouleau steals 2nd base (no throw) 0-1: Ball 1-1: Swinging Strike 1-2: Strikes out swinging
|
Top of the 1st over - 0 runs, 0 hits, 0 errors, 1 left on base; Palm Beach 0 - Richmond 0 |
BOTTOM OF THE 1ST |
Richmond Flying Squirrels batting - Pitching for Palm Beach Cardinals : LHP Matt Rossiter
|
Pitching: LHP Matt Rossiter
|
|
Batting: RHB Leon Alders
|
0-0: Ball 1-0: Called Strike 1-1: Ball 2-1: Swinging Strike 2-2: Foul Ball, location: 9LMF 2-2: Ball 3-2: Base on Balls
|
Batting: LHB Bruce Arvizu
|
0-0: Ball 1-0: Called Strike 1-1: Ball 2-1: Called Strike 2-2: SINGLE (Groundball, 34D, EV 108.1 MPH) Leon Alders to second Runner from 2nd tries for 3rd, SAFE, throw by RF made to third
|
Batting: RHB Frank Pena
|
0-0: Swinging Strike 0-1: Swinging Strike 0-2: Hit by Pitch Bruce Arvizu to second
|
Batting: LHB Ho-win Zhou
|
0-0: Ball Wild Pitch! Leon Alders scores Bruce Arvizu to third Frank Pena to second 1-0: DOUBLE (Line Drive, 9LS, EV 93.1 MPH) Bruce Arvizu scores Frank Pena scores
|
Batting: RHB Jonathan Davis
|
0-0: Called Strike 0-1: Foul Ball, location: 3FF 0-2: Ball Wild Pitch! Ho-win Zhou to third 1-2: Foul Ball, location: 3FF 1-2: Foul Ball, location: 9LDF 1-2: Foul Ball, location: 2RF 1-2: SINGLE (Groundball, 4, EV 88.1 MPH) Ho-win Zhou scores
|
Batting: LHB Gil Caraveo
|
0-0: Ball 1-0: Called Strike 1-1: Fielders Choice at 2nd, 2-6 (Groundball, 13S, EV 68.1 MPH)
|
Batting: LHB Oscar Tamayo
|
0-0: Called Strike 0-1: Ball 1-1: Foul Ball, location: 7LSF 1-2: Ball 2-2: Fly out, F8 (Flyball, 8RS, EV 79.4 MPH)
|
Batting: RHB Antonio Lara
|
0-0: Called Strike Gil Caraveo steals 2nd base (no throw) 0-1: Ball 1-1: Foul Ball, location: 25F 1-2: Ball 2-2: Fly out, F8 (Flyball, 8RD, EV 110.6 MPH)
|
Bottom of the 1st over - 4 runs, 3 hits, 0 errors, 1 left on base; Palm Beach 0 - Richmond 4 |
TOP OF THE 2ND |
Palm Beach Cardinals batting - Pitching for Richmond Flying Squirrels : LHP Mario Castro
|
Batting: LHB Pete Mitchell
|
0-0: Called Strike 0-1: Ground out 5-3 (Groundball, 5L, EV 88.1 MPH)
|
Batting: SHB Jae-hong Kym
|
0-0: Ball 1-0: Called Strike 1-1: SINGLE (Line Drive, 56D, EV 100.6 MPH)
|
Batting: RHB Jason Hunt
|
0-0: Called Strike 0-1: Ball 1-1: Ball 2-1: Fly out, F4 (Line Drive, 4, EV 75.0 MPH) Lined into DP, 4-3 (Line Drive, 4, EV 75.0 MPH)
|
Top of the 2nd over - 0 runs, 1 hit, 0 errors, 0 left on base; Palm Beach 0 - Richmond 4 |
BOTTOM OF THE 2ND |
Richmond Flying Squirrels batting - Pitching for Palm Beach Cardinals : LHP Matt Rossiter
|
Batting: RHB Aaron Burress
|
0-0: Foul Ball, location: 23F 0-1: Foul Ball, location: 2F 0-2: Ball 1-2: Ball 2-2: Foul Ball, location: 9LSF 2-2: Ball 3-2: Ground out 6-3 (Groundball, 6, EV 87.5 MPH)
|
Batting: RHB Leon Alders
|
0-0: Swinging Strike 0-1: Swinging Strike 0-2: Ball 1-2: Ball 2-2: Ball 3-2: Base on Balls
|
Batting: LHB Bruce Arvizu
|
0-0: Called Strike 0-1: DOUBLE (Line Drive, 78D, EV 109.4 MPH) Leon Alders to third Runner from 3rd tries for Home, SAFE, no throw by LF
|
Batting: RHB Frank Pena
|
0-0: Called Strike 0-1: Ball 1-1: Ball 2-1: TRIPLE (Flyball, 89XD, EV 108.1 MPH) Bruce Arvizu scores
|
Pitching: RHP Tom Gordam
|
|
Batting: LHB Ho-win Zhou
|
0-0: Swinging Strike 0-1: Foul Ball, location: 5FF 0-2: Strikes out swinging
|
Batting: RHB Jonathan Davis
|
0-0: Ball 1-0: Foul Ball, location: 3F 1-1: Ball 2-1: Foul Ball, location: 9LDF 2-2: Foul Ball, location: 2F 2-2: Strikes out swinging
|
Bottom of the 2nd over - 2 runs, 2 hits, 0 errors, 1 left on base; Palm Beach 0 - Richmond 6 |
TOP OF THE 3RD |
Palm Beach Cardinals batting - Pitching for Richmond Flying Squirrels : LHP Mario Castro
|
Batting: RHB Kevin McGaughey
|
0-0: Foul Ball, location: 7LDF 0-1: Called Strike 0-2: Ball 1-2: Ball 2-2: Strikes out swinging
|
Batting: LHB Steven Higgs
|
0-0: Called Strike 0-1: Ball 1-1: Ball 2-1: Foul Ball, location: 23F 2-2: Strikes out swinging
|
Batting: RHB Jonathan Winkler
|
0-0: Called Strike 0-1: Ball 1-1: Foul Ball, location: 3SF 1-2: Foul Ball, location: 23FF 1-2: Strikes out swinging
|
Top of the 3rd over - 0 runs, 0 hits, 0 errors, 0 left on base; Palm Beach 0 - Richmond 6 |
BOTTOM OF THE 3RD |
Richmond Flying Squirrels batting - Pitching for Palm Beach Cardinals : RHP Tom Gordam
|
Batting: LHB Gil Caraveo
|
0-0: Called Strike 0-1: Ball 1-1: Ground out 4-3 (Groundball, 4, EV 88.8 MPH)
|
Batting: LHB Oscar Tamayo
|
0-0: Foul Ball, location: 2F 0-1: SINGLE (Groundball, 34D, EV 96.3 MPH)
|
Batting: RHB Antonio Lara
|
0-0: Fly out, F8 (Flyball, 8LXD, EV 101.9 MPH)
|
Batting: RHB Aaron Burress
|
0-0: Called Strike 0-1: Ball 1-1: Fielders Choice at 2nd, 5-4 (Groundball, 56, EV 91.3 MPH)
|
Bottom of the 3rd over - 0 runs, 1 hit, 0 errors, 1 left on base; Palm Beach 0 - Richmond 6 |
TOP OF THE 4TH |
Palm Beach Cardinals batting - Pitching for Richmond Flying Squirrels : LHP Mario Castro
|
Batting: RHB Shou-feng Chang
|
0-0: Ground out 6-3 (Groundball, 6, EV 86.3 MPH)
|
Batting: RHB Chris Rouleau
|
0-0: Foul Ball, location: 7LMFF 0-1: Foul Ball, location: 5DF 0-2: Ball 1-2: Strikes out swinging
|
Batting: RHB Nelson Salamanca
|
0-0: Foul Ball, location: 2F 0-1: SINGLE (Line Drive, 78S, EV 95.6 MPH)
|
Batting: LHB Pete Mitchell
|
0-0: Ball 1-0: DOUBLE (Line Drive, 8LXD, EV 103.1 MPH) Nelson Salamanca to third Runner from 3rd tries for Home, SAFE, throw by CF to trailing runner, SAFE at third!
|
Batting: SHB Jae-hong Kym
|
0-0: Called Strike 0-1: Foul Ball, location: 7LSF 0-2: Foul Ball, location: 2F 0-2: Ball Wild Pitch! Pete Mitchell scores 1-2: Ball 2-2: Strikes out swinging
|
Top of the 4th over - 2 runs, 2 hits, 0 errors, 0 left on base; Palm Beach 2 - Richmond 6 |
BOTTOM OF THE 4TH |
Richmond Flying Squirrels batting - Pitching for Palm Beach Cardinals : RHP Tom Gordam
|
Batting: RHB Leon Alders
|
0-0: Ball 1-0: Ground out 5-3 (Groundball, 5, EV 102.5 MPH)
|
Batting: LHB Bruce Arvizu
|
0-0: Ball 1-0: Foul Ball, location: 2F 1-1: Ball 2-1: Called Strike 2-2: Foul Ball, location: 2LF 2-2: Ball 3-2: Fly out, F6 (Line Drive, 6, EV 73.8 MPH)
|
Batting: RHB Frank Pena
|
0-0: Called Strike 0-1: Ball 1-1: Ball 2-1: Called Strike 2-2: Ball 3-2: Foul Ball, location: 7LMF 3-2: Base on Balls
|
Batting: LHB Ho-win Zhou
|
0-0: Ball Wild Pitch! Frank Pena to second 1-0: Ground out U3 (Groundball, 3L, EV 107.5 MPH)
|
Bottom of the 4th over - 0 runs, 0 hits, 0 errors, 1 left on base; Palm Beach 2 - Richmond 6 |
TOP OF THE 5TH |
Palm Beach Cardinals batting - Pitching for Richmond Flying Squirrels : LHP Mario Castro
|
Batting: RHB Jason Hunt
|
0-0: Ball 1-0: SINGLE (Line Drive, 34, EV 98.8 MPH)
|
Batting: RHB Kevin McGaughey
|
0-0: Called Strike 0-1: Called Strike 0-2: Ball 1-2: Strikes out swinging
|
Batting: LHB Steven Higgs
|
0-0: Ball 1-0: Called Strike 1-1: Swinging Strike 1-2: Ball 2-2: Strikes out swinging
|
Batting: RHB Jonathan Winkler
|
0-0: Ground out 4-3 (Groundball, 34S, EV 86.3 MPH)
|
Top of the 5th over - 0 runs, 1 hit, 0 errors, 1 left on base; Palm Beach 2 - Richmond 6 |
BOTTOM OF THE 5TH |
Richmond Flying Squirrels batting - Pitching for Palm Beach Cardinals : RHP Tom Gordam
|
Batting: RHB Jonathan Davis
|
0-0: Ball 1-0: Foul Ball, location: 2F 1-1: Swinging Strike 1-2: Ball 2-2: Foul Ball, location: 5F 2-2: SOLO HOME RUN (Flyball, 9LD, EV 91.3 MPH), Distance : 355 ft
|
Batting: LHB Gil Caraveo
|
0-0: Ball 1-0: Ball 2-0: Fly out, F9 (Flyball, 89M, EV 95.6 MPH)
|
Batting: LHB Oscar Tamayo
|
0-0: Ball 1-0: Ball 2-0: Foul Ball, location: 2F 2-1: SINGLE (Groundball, 4MD, EV 97.5 MPH)
|
Batting: RHB Antonio Lara
|
0-0: Ball 1-0: Swinging Strike 1-1: Ball 2-1: Foul Ball, location: 7LSF 2-2: Foul Ball, location: 2F 2-2: Strikes out swinging
|
Batting: RHB Aaron Burress
|
0-0: Foul Ball, location: 9LSF 0-1: Swinging Strike 0-2: Foul Ball, location: 5DF 0-2: Fly out, F9 (Flyball, 9S, EV 81.9 MPH)
|
Bottom of the 5th over - 1 run, 2 hits, 0 errors, 1 left on base; Palm Beach 2 - Richmond 7 |
TOP OF THE 6TH |
Palm Beach Cardinals batting - Pitching for Richmond Flying Squirrels : LHP Mario Castro
|
Batting: RHB Shou-feng Chang
|
0-0: Fly out, F8 (Flyball, 8RM, EV 84.4 MPH)
|
Batting: RHB Chris Rouleau
|
0-0: Foul Ball, location: 3SF 0-1: TRIPLE (Line Drive, 89XD, EV 109.4 MPH)
|
Batting: RHB Nelson Salamanca
|
0-0: Ball Steal of home, Chris Rouleau is safe 1-0: Called Strike 1-1: Foul Ball, location: 2F 1-2: Ball 2-2: Strikes out looking
|
Batting: LHB Pete Mitchell
|
0-0: Ball 1-0: Foul Ball, location: 25FF 1-1: Ball 2-1: Called Strike 2-2: Foul Ball, location: 2F 2-2: Ball 3-2: Strikes out swinging
|
Top of the 6th over - 1 run, 1 hit, 0 errors, 0 left on base; Palm Beach 3 - Richmond 7 |
BOTTOM OF THE 6TH |
Richmond Flying Squirrels batting - Pitching for Palm Beach Cardinals : RHP Tom Gordam
|
Batting: RHB Leon Alders
|
0-0: Ball 1-0: Ball 2-0: Ball 3-0: Called Strike 3-1: Base on Balls
|
Batting: LHB Bruce Arvizu
|
0-0: Foul Ball, location: 7LDF 0-1: Foul Ball, location: 7LSF 0-2: Ball 1-2: Ball 2-2: Ball 3-2: Fly out, F8 (Flyball, 8RD, EV 98.1 MPH)
|
Pitching: LHP Rafael Banda
|
|
Batting: RHB Frank Pena
|
0-0: Ball Leon Alders is caught stealing 2nd base 2-4 1-0: Swinging Strike 1-1: Foul Ball, location: 5DF 1-2: Ball 2-2: Ball 3-2: Foul Ball, location: 2F 3-2: Foul Ball, location: 5F 3-2: Base on Balls
|
Batting: LHB Ho-win Zhou
|
0-0: Ball Frank Pena is caught stealing 2nd base 2-6
|
Bottom of the 6th over - 0 runs, 0 hits, 0 errors, 0 left on base; Palm Beach 3 - Richmond 7 |
TOP OF THE 7TH |
Palm Beach Cardinals batting - Pitching for Richmond Flying Squirrels : LHP Mario Castro
|
Now at 2B: Alex Belton
|
|
Batting: SHB Jae-hong Kym
|
0-0: Swinging Strike 0-1: Swinging Strike 0-2: Strikes out swinging
|
Batting: RHB Jason Hunt
|
0-0: Foul Ball, location: 2F 0-1: Foul Ball, location: 9LMF 0-2: Ball 1-2: Strikes out swinging
|
Batting: RHB Kevin McGaughey
|
0-0: Called Strike 0-1: Ball 1-1: Ball 2-1: Swinging Strike 2-2: Strikes out looking
|
Top of the 7th over - 0 runs, 0 hits, 0 errors, 0 left on base; Palm Beach 3 - Richmond 7 |
BOTTOM OF THE 7TH |
Richmond Flying Squirrels batting - Pitching for Palm Beach Cardinals : LHP Rafael Banda
|
Batting: LHB Ho-win Zhou
|
0-0: Called Strike 0-1: Called Strike 0-2: Ball 1-2: SOLO HOME RUN (Flyball, 7LD, EV 94.4 MPH), Distance : 356 ft
|
Batting: RHB Jonathan Davis
|
0-0: Called Strike 0-1: Ball 1-1: Ball 2-1: Ball 3-1: Called Strike 3-2: Base on Balls
|
Batting: LHB Gil Caraveo
|
0-0: Called Strike 0-1: Ball 1-1: Ball 2-1: Fielders Choice at 2nd, 5-4 (Groundball, 56, EV 80.0 MPH)
|
Batting: LHB Oscar Tamayo
|
0-0: Ball Gil Caraveo steals 2nd base 1-0: Ball 2-0: Ball 3-0: Called Strike 3-1: Fly out, F7 (Flyball, 78M, EV 96.9 MPH)
|
Batting: RHB Antonio Lara
|
0-0: Called Strike 0-1: Swinging Strike 0-2: DOUBLE (Groundball, 5L, EV 101.9 MPH) Gil Caraveo scores
|
Batting: RHB Aaron Burress
|
0-0: Ball 1-0: Called Strike 1-1: Swinging Strike 1-2: Foul Ball, location: 5DF 1-2: Ball 2-2: Ball 3-2: Strikes out swinging
|
Bottom of the 7th over - 2 runs, 2 hits, 0 errors, 1 left on base; Palm Beach 3 - Richmond 9 |
TOP OF THE 8TH |
Palm Beach Cardinals batting - Pitching for Richmond Flying Squirrels : LHP Mario Castro
|
Pinch Hitting: RHB Arnold Schuler
|
0-0: SINGLE (Groundball, 34D, EV 98.1 MPH)
|
Batting: RHB Jonathan Winkler
|
0-0: Foul Ball, location: 2F 0-1: Called Strike 0-2: Foul Ball, location: 2F 0-2: Fly out, F7 (Flyball, 78M, EV 73.8 MPH)
|
Batting: RHB Shou-feng Chang
|
0-0: Swinging Strike 0-1: Called Strike 0-2: Ball 1-2: Ball 2-2: Ball 3-2: Fly out, F8 (Flyball, 8LM, EV 91.3 MPH)
|
Batting: RHB Chris Rouleau
|
0-0: Called Strike 0-1: Fly out, F8 (Flyball, 78M, EV 94.4 MPH)
|
Top of the 8th over - 0 runs, 1 hit, 0 errors, 1 left on base; Palm Beach 3 - Richmond 9 |
BOTTOM OF THE 8TH |
Richmond Flying Squirrels batting - Pitching for Palm Beach Cardinals : LHP Rafael Banda
|
Now at 1B: Arnold Schuler
|
|
Batting: RHB Alex Belton
|
0-0: Called Strike 0-1: Ball 1-1: Ball 2-1: Ball 3-1: Ground out 1-3 (Groundball, 13, EV 64.4 MPH)
|
Batting: LHB Bruce Arvizu
|
0-0: SINGLE (Groundball, 4MD, EV 101.3 MPH)
|
Batting: RHB Frank Pena
|
0-0: Fielders Choice at 2nd, 4-6 (Groundball, 4, EV 82.5 MPH)
|
Batting: LHB Ho-win Zhou
|
0-0: SINGLE (Flyball, 6D, EV 98.8 MPH) Frank Pena to second
|
Batting: RHB Jonathan Davis
|
0-0: Ball 1-0: Fly out, F7 (Flyball, 7, EV 83.1 MPH)
|
Bottom of the 8th over - 0 runs, 2 hits, 0 errors, 2 left on base; Palm Beach 3 - Richmond 9 |
TOP OF THE 9TH |
Palm Beach Cardinals batting - Pitching for Richmond Flying Squirrels : LHP Mario Castro
|
Now at 1B: Jordan Wallace
|
|
Batting: RHB Nelson Salamanca
|
0-0: Ball 1-0: Ball 2-0: Ball 3-0: Called Strike 3-1: Base on Balls
|
Pitching: LHP Dan Poirier
|
|
Pinch Hitting: SHB J.T. Ready
|
0-0: Fielders Choice at 2nd, 6-4 (Groundball, 6, EV 83.1 MPH)
|
Pinch Hitting: RHB Ben Politi
|
0-0: Fly out, F9 (Flyball, 9D, EV 103.1 MPH)
|
Pinch Hitting: SHB Justin Houser
|
0-0: Ball 1-0: Called Strike 1-1: Ball Pickoff Throw by Catcher to First - Error! E2 J.T. Ready to second 2-1: Foul Ball, location: 7LSF 2-2: Ball 3-2: Base on Balls
|
Pinch Hitting: RHB Mario Carbajal
|
0-0: Swinging Strike 0-1: Foul Ball, location: 2F 0-2: Ball 1-2: Ball 2-2: Strikes out swinging
|
Top of the 9th over - 0 runs, 0 hits, 1 error, 2 left on base; Palm Beach 3 - Richmond 9 |
|